 Dungeon Crawl Stone Soup version 0.31-a0-698-g4a7cf283bb (webtiles) character file.

Game seed: 5385941104344530235

102 qw the Shooter (level 4, -3/28 HPs)
             Began as a Gargoyle Hunter on Sept 7, 2023.
             Slain by a cerulean imp
             ... wielding a +1 spear
             ... summoned by Natasha
              (6 damage)
             ... on level 3 of the Dungeon.
             The game lasted 00:00:49 (1585 turns).

qw the Shooter (Gargoyle Hunter)                    Turns: 1585, Time: 00:00:49

Health: -3/28      AC:  9    Str: 14    XL:     4   Next: 78%
Magic:  4/4        EV: 10    Int: 10    God:
Gold:   91         SH:  0    Dex: 15    Spells: 3/3 levels left

rFire   . . .        Y - +0 shortbow
rCold   . . .        (shield currently unavailable)
rNeg    + . .        a - +0 ring mail
rPois   inf          (no helmet)
rElec   +            (no cloak)
rCorr   .            h - +0 pair of gloves
SInv    .            (no boots)
Will    .....        i - amulet of faith
Stlth   +            (no ring)
HPRegen 0.24/turn    (no ring)
MPRegen 0.09/turn

%: faith
@: no status effects
A: sickness immunity, AC +3, negative energy resistance 1, electricity
resistance, torment resistance 1, petrification resistance
a: no special abilities


You were on level 3 of the Dungeon.
You visited 1 branch of the dungeon, and saw 3 of its levels.

You collected 115 gold pieces.
You spent 24 gold pieces at shops.


Innate Abilities, Weirdness & Mutations

You are immune to sickness and miasma.
Your stone body is resilient. (AC +3)
You are immune to poison.
You resist negative energy. (rN+)
You are resistant to electric shocks. (rElec)
You are resistant to unholy torment.
You are immune to petrification.


   Skills:
 - Level 3.1 Fighting
 + Level 5.4 Ranged Weapons
 - Level 1.1 Armour
 - Level 1.5 Dodging
 - Level 1.1 Stealth


You had 3 spell levels left.
You didn't know any spells.
Your spell library was empty.

Inventory:

Hand Weapons
 Y - a +0 shortbow (weapon)
Armour
 a - a +0 ring mail (worn)
 b - a +1 cloak
 h - a +0 pair of gloves (worn)
Jewellery
 i - an amulet of faith (around neck)
Scrolls
 f - a scroll of identify
Potions
 j - a potion of haste
 m - a potion of curing

Dungeon Overview and Level Annotations

Branches:
Dungeon (3/15)

Altars:

Shops:
D:1 ?

Annotations:
D:3 Natasha


Message History

You shoot an arrow.
The arrow hits the cerulean imp but does no damage.
The cerulean imp is heavily wounded.
The cerulean imp closely misses you. The cerulean imp barely misses you.
1578 |||
Found retreat position at 0,1 (floor) with 0 blocking monsters and 2 monsters attacking at destination at distance 1
1578 ||| Stepping ~*~*~tactically~*~*~ (retreating).
You shoot an arrow. The arrow hits the cerulean imp.
The cerulean imp is moderately wounded.
The cerulean imp hits you but does no damage.
The cerulean imp closely misses you.
The cerulean imp hits you from afar with a +0 spear.
1580 |||
Found retreat position at 0,-1 (floor) with 0 blocking monsters and 2 monsters attacking at destination at distance 1
1580 ||| Stepping ~*~*~tactically~*~*~ (retreating).
The cerulean imp barely misses you.
The cerulean imp hits you but does no damage.
You shoot an arrow.
The arrow closely misses the cerulean imp.
The cerulean imp disappears in a puff of smoke!
Natasha stares at you and mumbles some strange words.
The magic dart hits you.
The cerulean imp hits you with a +2 spear.
You shoot an arrow. The arrow barely misses Natasha.
The cerulean imp hits you but does no damage.
Natasha growls.
Natasha mumbles some strange words.
You shoot an arrow. The arrow barely misses Natasha.
The cerulean imp barely misses you.
Natasha mewls in sadness.
Natasha claws you. The cerulean imp closely misses you.
You shoot an arrow.
The arrow hits Natasha but does no damage.
Natasha is severely wounded.
Natasha claws you. The cerulean imp closely misses you.
The cerulean imp hits you with a +2 spear.
Natasha claws you but does no damage.
You shoot an arrow. The arrow closely misses Natasha.
The arrow barely misses the cerulean imp.
The cerulean imp barely misses you. x2; Natasha barely misses you.
The cerulean imp hits you from afar with a +1 spear.
You die...

. ..#...............
..####.................
......#................
....#.#................
..........#.###........
#..........###........
##...5....#........
#.##h5...#.....[.. ...
#@#).>......... #.##.
#.############# .. #.
### ## #. .. ..


You could see Natasha and 2 cerulean imps.

Vanquished Creatures
  3 gnolls (D:3)
  3 adders
  A worm (D:2)
  A dart slug (D:2)
  2 orcs
  6 endoplasms
  A giant cockroach (D:1)
  2 hobgoblins
  2 quokkas
  6 ball pythons
  3 bats
  3 frilled lizards (D:2)
  7 kobolds
  A rat (D:3)
41 creatures vanquished.

Notes
Turn   | Place    | Note
-------+----------+-------------------------------------------
     0 | D:1      | qw the Gargoyle Hunter began the quest for the Orb.
     0 | D:1      | Reached XP level 1. HP: 12/12 MP: 1/1
     0 | D:1      | 0 ||| qw: Version: 0.3-a-76-g4403597
     0 | D:1      | 0 ||| qw: Game counter: 386
     0 | D:1      | 0 ||| qw: Melee chars always use a shield: true
     0 | D:1      | 0 ||| qw: God list: Okawaru
     0 | D:1      | 0 ||| qw: Allow faded altars: false
     0 | D:1      | 0 ||| qw: Do Orc after clearing Dungeon:15 true
     0 | D:1      | 0 ||| qw: Do second Lair branch before Depths: true
     0 | D:1      | 0 ||| qw: Lair rune preference: random
     0 | D:1      | 0 ||| qw: Goals: Normal
     0 | D:1      | 0 ||| PLANNING D:1-11
   187 | D:1      | Found Xahazoss's Magic Scroll Shoppe.
   195 | D:1      | 195 ||| BUYING scroll of identify (24 gold).
   195 | D:1      | Bought a scroll of identify for 24 gold pieces
   195 | D:1      | 195 ||| SHOPLISTING scroll of teleportation (36 gold, have
                  | 12).
   515 | D:1      | Reached XP level 2. HP: 17/17 MP: 2/2
   604 | D:1      | 604 ||| UPGRADING to +0 pair of gloves.
   609 | D:1      | 609 ||| UPGRADING to amulet of faith.
   614 | D:1      | 614 ||| READING scroll labelled BINWUMPE CEJOE.
   615 | D:1      | 615 ||| READING 2 scrolls labelled JAVUWU PUITTEC.
   627 | D:1      | 627 ||| READING scroll labelled AGIQ FOECAERA.
   628 | D:1      | 628 ||| READING scroll labelled JARUOXK YWYKHLY.
   629 | D:1      | 629 ||| READING scroll labelled COSKYGG JICEIP.
   630 | D:1      | 630 ||| READING scroll labelled EMURCHI IREDD.
   631 | D:1      | 631 ||| DRINKING 2 inky potions.
   632 | D:1      | 632 ||| READING 2 scrolls of identify.
   632 | D:1      | 632 ||| IDENTIFYING smoky golden potion
   633 | D:1      | 633 ||| DROPPING scroll of butterflies.
   634 | D:1      | 634 ||| DROPPING scroll of torment.
   797 | D:2      | 797 ||| FLEEEEING.
   809 | D:2      | 809 ||| FLEEEEING.
   867 | D:2      | Reached XP level 3. HP: 21/21 MP: 3/3
   877 | D:2      | Reached skill level 5 in Ranged Weapons
  1109 | D:2      | Reached skill level 3 in Fighting
  1252 | D:2      | 1252 ||| UPGRADING to +0 ring mail.
  1262 | D:2      | 1262 ||| DROPPING +0 leather armour.
  1263 | D:2      | 1263 ||| READING scroll labelled FAEROT IDAUTRA.
  1264 | D:2      | 1264 ||| READING scroll labelled FEQ MAVAMUKU.
  1330 | D:3      | Reached XP level 4. HP: 28/28 MP: 4/4
  1372 | D:3      | Reached skill level 1 in Armour
  1416 | D:3      | 1416 ||| RETREATING.
  1420 | D:3      | 1420 ||| Stepping ~*~*~tactically~*~*~ (retreating).
  1421 | D:3      | 1421 ||| Stepping ~*~*~tactically~*~*~ (retreating).
  1424 | D:3      | 1424 ||| Stepping ~*~*~tactically~*~*~ (retreating).
  1427 | D:3      | 1427 ||| Stepping ~*~*~tactically~*~*~ (retreating).
  1428 | D:3      | 1428 ||| Stepping ~*~*~tactically~*~*~ (retreating).
  1566 | D:3      | Noticed Natasha
  1571 | D:3      | 1571 ||| Stepping ~*~*~tactically~*~*~ (retreating).
  1572 | D:3      | 1572 ||| Stepping ~*~*~tactically~*~*~ (retreating).
  1573 | D:3      | 1573 ||| Stepping ~*~*~tactically~*~*~ (retreating).
  1578 | D:3      | 1578 ||| Stepping ~*~*~tactically~*~*~ (retreating).
  1580 | D:3      | 1580 ||| Stepping ~*~*~tactically~*~*~ (retreating).
  1584 | D:3      | HP: 6/28 [Natasha (5)]
  1585 | D:3      | Slain by a cerulean imp

Levels and vault maps discovered:
D:1:      dpeg_arrival_three_smaller_balls, layout_loops_ring, serial_shops,
          shop
D:2:      layout_basic
D:3:      layout_basic, minmay_fractal_squares_gapless_5, uniq_natasha

Skill      XL: |  1  2  3  4 |
---------------+-------------+-----
Ranged Weapons | 5 |  5.4
Fighting       | 3 |  3.1
Armour         | 1 |  1.1
Dodging        | |  1.5
Stealth        | |  1.1

Action                     |  1- 3 |  4- 6 || total
---------------------------+-------+-------++-------
   Fire: Shortbow          |   109 |    59 ||   168
    Use: Scroll            |     9 |       ||     9
         Potion            |     1 |       ||     1
 Armour: Leather armour    |    25 |       ||    25
         Ring mail         |     4 |    37 ||    41
  Dodge: Dodged            |    28 |    25 ||    53

Table legend:
 A = Non-vault XP
 B = Vault XP
 C = Vault XP percentage of total XP
 D = Non-vault monster count
 E = Vault monster count
 F = Vault count percentage of total count
                 A         B        C        D         E       F
            +---------+---------+-------+---------+---------+-------
      Total |     147 |       0 |   0.0 |      41 |       0 |   0.0
            +---------+---------+-------+---------+---------+-------
        D:1 |      11 |       0 |   0.0 |       7 |       0 |   0.0
        D:2 |      67 |       0 |   0.0 |      23 |       0 |   0.0
        D:3 |      69 |       0 |   0.0 |      11 |       0 |   0.0
            +---------+---------+-------+---------+---------+-------
